 Dungeon Crawl Stone Soup version 0.32-a0-918-g0f22ef8d61 (webtiles) character file.

Game seed: 451672321730011341

1026 porpoise the Poker (level 8, -1/62 HPs)
             Began as a Demonspawn Gladiator on Apr 11, 2024.
             Was an Initiate of Fedhas.
             Slain by an ogre
             ... wielding a +0 giant club
              (17 damage)
             ... on level 5 of the Dungeon.
             The game lasted 00:12:03 (4816 turns).

porpoise the Poker (Demonspawn Gladiator)           Turns: 4816, Time: 00:12:04

Health: -1/62      AC: 13    Str: 22    XL:     8   Next: 2%
Magic:  8/8        EV: 11    Int:  9    God:    Fedhas [......]
Gold:   201        SH:  0    Dex: 15    Spells: 7/7 levels left

rFire   . . .        a - +0 trident
rCold   . . .        (no shield)
rNeg    . . .        j - +0 ring mail
rPois   .            g - +2 helmet
rElec   .            x - +2 cloak
rCorr   .            (no gloves)
SInv    .            (no boots)
Will    .....        (no amulet)
Stlth   +            u - +6 ring of strength
HPRegen 0.30/turn    (no ring)
MPRegen 0.11/turn

%: no passive effects
@: no status effects
A: thin metallic scales 1, demonic guardian 2, demonic magic 1
a: Renounce Religion


You were on level 5 of the Dungeon.
You worshipped Fedhas.
Fedhas was noncommittal.
You visited 2 branches of the dungeon, and saw 6 of its levels.

You collected 201 gold pieces.

Inventory:

Hand Weapons
 a - a +0 trident (weapon)
 b - the +10 shortbow of Gravity {heavy, rF++ MP+9}
   (You found it on level 4 of the Dungeon)

   rF++:      It greatly protects you from fire.
   MP+9:      It affects your magic capacity (+9).
 n - a +0 trident
 w - a +0 sling
Missiles
 c - 13 poisoned darts
 d - 3 throwing nets (quivered)
 e - a javelin
Armour
 g - a +2 helmet (worn)
 j - a +0 ring mail (worn)
 x - a +2 cloak (worn)
Jewellery
 h - a ring of wizardry
 u - a +6 ring of strength (left hand)
 v - a ring of fire
 E - a ring of protection from fire
Wands
 l - a wand of flame (16)
 C - a wand of light (8)
 D - a wand of polymorph (8)
Scrolls
 f - 2 scrolls of revelation
 i - a scroll of enchant weapon {unknown}
 k - 2 scrolls of noise
 m - 2 scrolls of vulnerability {unknown}
 p - 2 scrolls of immolation {unknown}
 t - a scroll of fog {unknown}
 y - a scroll of teleportation {unknown}
 B - a scroll of summoning {unknown}
Potions
 o - a potion of brilliance
 q - 3 potions of lignification
 r - a potion of invisibility
 s - 3 potions of haste
 z - a potion of might {unknown}
 A - a potion of berserk rage {unknown}


   Skills:
 + Level 5.2 Fighting
 * Level 6.9 Polearms
 * Level 3.2 Ranged Weapons
 - Level 1.7 Throwing
 - Level 2.6 Dodging


You had 7 spell levels left.
You didn't know any spells.
Your spell library was empty.

Dungeon Overview and Level Annotations

Branches:
Dungeon (5/15)             Temple (1/1) D:5

Altars:
Ashenzari
Cheibriados
Dithmenos
Fedhas
Gozag
Hepliaklqana
Makhleb
Okawaru
Qazlal
Sif Muna
Trog
Uskayaw
Vehumet
Wu Jian

Shops:
D:1 =   D:3 (

Annotations:
D:3 2 transporters, Loveship's ghost, amateur OnBe
Temple 2 transporters


Innate Abilities, Weirdness & Mutations

You are partially covered in thin metallic scales. (AC +2)
A demonic guardian rushes to your aid.
Spells you cast may paralyse adjacent enemies.


Message History

You open the door.
There is an open door here.
c - 13 poisoned darts (gained 5)
Found 2 large rocks.
Found 5 stones.
Found 25 stones.
An ogre comes into view. It is wielding a +0 giant club.
Found a large rock.
The ogre shouts!
The ogre moves out of view.
No target in view!
An ogre comes into view. It is wielding a +0 giant club.
Found 13 stones.
The ogre shouts!
You shoot an arrow. The arrow hits the ogre.
The ogre is lightly wounded.
You shoot an arrow. The arrow barely misses the ogre.
The arrow hits the ogre!
The ogre is heavily wounded.
The ogre hits you with a +0 giant club!
You shoot an arrow.
The arrow hits the ogre but does no damage.
The ogre is lightly wounded.
The ogre hits you with a +0 giant club! x2
You are too injured to fight recklessly!
You are too injured to fight recklessly!
Unknown command.
You feel your magic capacity decrease.
a - a +0 trident (weapon)
You are too injured to fight recklessly!
You hit the ogre.
The ogre is moderately wounded.
You puncture the ogre!
The ogre is severely wounded.
The ogre hits you with a +0 giant club!
* * * LOW HITPOINT WARNING * * *
You hit the ogre but do no damage.
The ogre is severely wounded.
The ogre hits you with a +0 giant club!
You die...
Fedhas appreciates your contribution to the ecosystem.

...########.#
#.# # # #.#
#.# #.# ###.#
#.###...#
#.##..###
#.##.##
#O##.# #O##.#
#@##.# ####
#....#
#####...
######
#.....##
#######


You could see 2 ogres.

Vanquished Creatures
  Sigmund (D:3)
  Menkaure (D:5)
  A black bear (D:4)
  A phantom (D:5)
  A centaur (D:5)
  2 scorpions
  2 bombardier beetles
  2 hounds (D:5)
  A sleepcap (D:3)
  An iguana (D:3)
  Ijyb (D:3)
  4 gnolls
  6 adders
  A ribbon worm (D:4)
  3 dart slugs
  4 orcs (D:3)
  4 bats
  9 endoplasms
  A giant cockroach (D:1)
  11 goblins
  6 hobgoblins
  2 jackals (D:4)
  10 kobolds
  7 quokkas
  4 ball pythons
  3 frilled lizards
  3 rats
92 creatures vanquished.

Vanquished Creatures (collateral kills)
  3 jackals (D:3)
3 creatures vanquished.

Grand Total: 95 creatures vanquished

Notes
Turn   | Place    | Note
-------+----------+-------------------------------------------
     0 | D:1      | porpoise the Demonspawn Gladiator began the quest for the
                  | Orb.
     0 | D:1      | Reached XP level 1. HP: 16/16 MP: 1/1
   152 | D:1      | Found a transporter.
   183 | D:1      | Reached skill level 3 in Polearms
   199 | D:1      | Gained mutation: A weak demonic guardian rushes to your
                  | aid. [demonic ancestry]
   199 | D:1      | Reached XP level 2. HP: 4/22 MP: 2/2
   512 | D:1      | Found a transporter.
   514 | D:1      | Found Acig's Jewellery Shop.
   715 | D:1      | Reached XP level 3. HP: 18/28 MP: 3/3
  1285 | D:2      | Found an iron altar of Okawaru.
  1401 | D:2      | Reached skill level 4 in Polearms
  1401 | D:2      | Reached XP level 4. HP: 33/34 MP: 4/4
  2028 | D:3      | Noticed Ijyb
  2048 | D:3      | Killed Ijyb
  2205 | D:3      | Found a transporter.
  2205 | D:3      | Noticed Loveship's ghost (amateur OnBe)
  2206 | D:3      | Noticed an ogre
  2206 | D:3      | Noticed an ogre
  2208 | D:3      | Identified the +5 great mace "Sutirem" {heavy, rN+ Will-
                  | rCorr Dex+3}
  2208 | D:3      | Noticed an ogre
  2523 | D:3      | Found Norip's Weapon Emporium.
  2589 | D:3      | Gained mutation: Spells you cast may paralyse adjacent
                  | enemies. [demonic ancestry]
  2589 | D:3      | Reached XP level 5. HP: 30/41 MP: 5/5
  2681 | D:3      | Noticed Sigmund
  2696 | D:3      | Killed Sigmund
  2697 | D:3      | Reached skill level 5 in Polearms
  2697 | D:3      | Gained mutation: You are partially covered in thin metallic
                  | scales. (AC +2) [demonic ancestry]
  2697 | D:3      | Reached XP level 6. HP: 32/48 MP: 6/6
  2853 | D:3      | Found a transporter.
  3338 | D:4      | Identified the +10 shortbow of Gravity {heavy, rF++ MP+9}
  4165 | D:5      | Entered Level 5 of the Dungeon
  4172 | D:4      | Reached skill level 6 in Polearms
  4176 | D:4      | Reached skill level 1 in Ranged Weapons
  4176 | D:4      | Gained mutation: A demonic guardian rushes to your aid.
                  | [demonic ancestry]
  4176 | D:4      | Reached XP level 7. HP: 33/55 MP: 7/7
  4278 | D:5      | Noticed Menkaure
  4280 | D:5      | Killed Menkaure
  4329 | D:5      | Found a stormy altar of Qazlal.
  4331 | D:5      | Found a hazy altar of Hepliaklqana.
  4331 | D:5      | Found a hide-covered altar of Uskayaw.
  4345 | D:5      | Reached skill level 5 in Fighting
  4658 | D:5      | Reached XP level 8. HP: 62/62 MP: 8/8
  4697 | D:5      | Found a staircase to the Ecumenical Temple.
  4704 | Temple   | Found a transporter.
  4704 | Temple   | Found a transporter.
  4704 | Temple   | Found a transporter.
  4704 | Temple   | Found a transporter.
  4704 | Temple   | Entered the Ecumenical Temple
  4720 | Temple   | Became a worshipper of Fedhas Madash
  4792 | D:5      | Found the +6 shillelagh "Devastator" {shatter}
  4816 | D:5      | Slain by an ogre

Illustrated notes

Levels and vault maps discovered:
D:1:      ldierk_walled_garden_2, layout_loops_cross, serial_shops,
          nicolae_shop_drivethru, st_stairs_7, reono_crystal_passage
D:2:      layout_basic, basic_altar, chequers_big_river
D:3:      layout_basic, serial_shops, shop, gammafunk_ghost_smash, uniq_sigmund,
          uniq_ijyb
D:4:      layout_basic, kennysheep_generic_room_16
D:5:      layout_rooms, chequers_temple_overflow_statue_of_worship,
          temple_green, chequers_serial_rivers_marsh,
          dilly_guarded_unrand_devastator, uniq_menkaure
Temple:   hellmonk_temple_divided_pantheon

Skill      XL: |  1  2  3  4  5  6  7 |
---------------+----------------------+-----
Polearms       | 3 4 5 6 |  6.9
Fighting       | 3 4 5 |  5.2
Ranged Weapons | 1 3 |  3.2
Throwing       | |  1.7
Dodging        | |  2.6

Action                     |  1- 3 |  4- 6 |  7- 9 || total
---------------------------+-------+-------+-------++-------
  Melee: Trident           |   122 |   127 |    51 ||   300
   Fire: Shortbow          |       |    37 |    16 ||    53
         Sling             |       |     1 |       ||     1
    Use: Scroll            |       |     2 |     4 ||     6
         Potion            |       |     1 |       ||     1
   Stab: Sleeping          |     1 |       |       ||     1
         Distracted        |     1 |     1 |       ||     2
 Armour: Leather armour    |    37 |       |       ||    37
         Ring mail         |    40 |   111 |    36 ||   187
  Dodge: Dodged            |    59 |    99 |    42 ||   200

Table legend: (Time is in decaauts)
 A = Elapsed time spent in this place.
 B = Non-inter-level travel time spent in this place.
 C = Inter-level travel time spent in this place.
 D = Time resting spent in this place.
 E = Time spent auto-exploring this place.
 F = Levels seen in this place.
 G = Mean time per level.
                   A        B        C        D        E       F      G
               +--------+--------+--------+--------+--------+-----+--------+
         Total |   4924 |   4720 |    204 |    799 |   3010 |   6 |  820.7 |
       Dungeon |   4891 |   4687 |    204 |    799 |   3010 |   5 |  978.2 |
        Temple |     32 |     32 |      0 |      0 |      0 |   1 |   32.0 |
               +--------+--------+--------+--------+--------+-----+--------+

Top non-repeatable levels by time:
     D:3: 1491 daAuts
     D:4: 1011 daAuts
     D:1: 940 daAuts
     D:2: 893 daAuts
     D:5: 554 daAuts
  Temple: 32 daAuts
